 Dungeon Crawl Stone Soup version 0.23.2-1-ga50397a (webtiles) character file.

Game seed: 293961776464747376

183 night the Firebug (level 5, -6/37 HPs)
             Began as a Gnoll Fire Elementalist on May 24, 2019.
             Mangled by Terence
             ... wielding a +2 falchion of electrocution
              (10 damage)
             ... on level 1 of the Dungeon.
             The game lasted 00:03:40 (1378 turns).

night the Firebug (Gnoll Fire Elementalist)         Turns: 1378, Time: 00:03:40

Health: -6/37      AC:  4    Str:  9 (11) XL:     5   Next: 62%
Magic:  12/12      EV: 14    Int: 16 (18) God:
Gold:   100        SH:  0    Dex: 12 (15) Spells: 8/14 levels left

rFire    . . .     SeeInvis .   k - +1 dagger (venom)
rCold    + . .     Gourm    .   (no shield)
rNeg     . . .     Faith    .   n - +2 robe {rC+}
rPois    .         Spirit   .   (no helmet)
rElec    .         Reflect  .   (no cloak)
rCorr    .         Harm     .   (no gloves)
MR       .....                  (no boots)
Stlth    +++.......             (no amulet)
HPRegen  0.12/turn              (no ring)
MPRegen  0.13/turn              (no ring)

@: lethally poisoned (-6 -> -9)
A: distributed training, fangs 1, strong nose
a: no special abilities


You were on level 1 of the Dungeon.
You were very hungry.

You visited 1 branch of the dungeon, and saw 2 of its levels.

You collected 100 gold pieces.

Inventory:

Hand Weapons
 k - a +1 dagger of venom (weapon)
 m - a +1 dagger of protection
Missiles
 e - 32 stones (quivered)
 g - 41 sling bullets
 h - 17 arrows
Armour
 n - a +2 robe of cold resistance (worn)
Scrolls
 d - 3 scrolls of identify
 j - a scroll of fear {unknown}
 l - a scroll of remove curse
Potions
 f - a potion of brilliance {unknown}
Comestibles
 c - 5 rations


   Skills:
 + Level 1.5 Fighting
 + Level 1.5 Short Blades
 + Level 1.5 Long Blades
 + Level 1.5 Axes
 + Level 1.5 Maces & Flails
 + Level 1.5 Polearms
 + Level 1.5 Staves
 + Level 1.5 Slings
 + Level 1.5 Bows
 + Level 1.5 Crossbows
 + Level 1.5 Throwing
 + Level 1.5 Armour
 + Level 4.8 Dodging
 + Level 4.4 Stealth
 + Level 1.5 Shields
 + Level 1.5 Unarmed Combat
 + Level 5.2 Spellcasting
 + Level 2.4 Conjurations
 + Level 1.2 Hexes
 + Level 1.2 Charms
 + Level 1.2 Summonings
 + Level 1.2 Necromancy
 + Level 1.2 Translocations
 + Level 1.2 Transmutations
 + Level 5.5 Fire Magic
 + Level 1.2 Ice Magic
 + Level 1.2 Air Magic
 + Level 1.2 Earth Magic
 + Level 1.2 Poison Magic
 + Level 1.7 Invocations
 + Level 1.5 Evocations


You had 8 spell levels left.
You knew the following spells:

 Your Spells              Type           Power        Failure   Level  Hunger
a - Flame Tongue          Conj/Fire      ###..        3%          1    None
b - Throw Flame           Conj/Fire      ###...       4%          2    #......
c - Conjure Flame         Conj/Fire      ###.....     9%          3    ###....

Your spell library contained the following spells:

 Spells                   Type           Power        Failure   Level  Hunger
 Inner Flame              Hex/Fire       ###.....     11%         3    ###....
 Sticky Flame             Conj/Fire      ###.....     28%         4    ####...
 Fireball                 Conj/Fire      ###.......   63%         5    ######.


Dungeon Overview and Level Annotations

Branches:
Dungeon (2/15)

Altars:

Annotations:
D:1 Terence


Innate Abilities, Weirdness & Mutations

Your experience applies equally to all skills.
You have very sharp teeth.
Your uncanny sense of smell can sniff out nearby items.


Message History

As you read the scroll labeled YXODIY HOMPO, it crumbles to dust.
The creatures around you are filled with an inner flame!
It was a scroll of immolation.
Terence misses you. The adder bites you.
You are poisoned.
The adder poisons you! Terence barely misses you.
You closely miss the adder.
You feel sick. The adder barely misses you. Terence misses you.
You hit the adder.
The adder is poisoned.
You bite the adder, but do no damage.
The adder is moderately wounded.
The adder bites you but does no damage.
Terence hits you with a +2 falchion of electrocution.
* * * LOW HITPOINT WARNING * * *
The adder bites you.
* * * LOW HITPOINT WARNING * * *
It was a potion of degeneration.
There was something very wrong with that liquid.
You feel weakened.
You feel dopey.
You feel clumsy.
* * * LOW HITPOINT WARNING * * *
You feel sick. Terence hits you but does no damage.
You are electrocuted!
You die...

#........................####
####.#.......#...............
#####.........##.###.###.#....#
#...........#....# #.#.........
#..####.#...##...###.#.........
#.## #............#)#.........
#.# ##......................# #.#
#......S...)#...#...###.# #.#
##......@@....#..###.# #.# ##.#
#...........#...####.###.# #..#
##...........#......#...#.# #.##
#.............#......#..... #.#
#.##........#.)..##........
##.####..............#...........
#..#.....................###.....
#.##...#...............#.# ##....
..#....................#.#####.##


You could see Terence (inner flame) and an adder (inner flame).

Vanquished Creatures
  Sigmund (D:2)
  An ooze (D:1)
  A worm (D:2)
  A leopard gecko (D:2)
  2 giant cockroaches (D:2)
  2 goblins
  4 hobgoblins
  4 kobolds
  A frilled lizard (D:1)
  2 rats
19 creatures vanquished.

Notes
Turn   | Place    | Note
-------+----------+-------------------------------------------
     0 | D:1      | night the Gnoll Fire Elementalist began the quest for the
                  | Orb.
     0 | D:1      | Reached XP level 1. HP: 13/13 MP: 6/6
   323 | D:1      | Reached XP level 2. HP: 19/19 MP: 5/7
   327 | D:1      | Learned a level 2 spell: Throw Flame
   810 | D:2      | Reached XP level 3. HP: 25/25 MP: 3/9
   967 | D:2      | Learned a level 3 spell: Conjure Flame
  1059 | D:2      | Reached skill level 5 in Spellcasting
  1084 | D:2      | Noticed Sigmund
  1094 | D:2      | Killed Sigmund
  1094 | D:2      | Reached skill level 1 in Fighting
  1094 | D:2      | Reached skill level 1 in Short Blades
  1094 | D:2      | Reached skill level 1 in Long Blades
  1094 | D:2      | Reached skill level 1 in Axes
  1094 | D:2      | Reached skill level 1 in Maces & Flails
  1094 | D:2      | Reached skill level 1 in Polearms
  1094 | D:2      | Reached skill level 1 in Staves
  1094 | D:2      | Reached skill level 1 in Slings
  1094 | D:2      | Reached skill level 1 in Bows
  1094 | D:2      | Reached skill level 1 in Crossbows
  1094 | D:2      | Reached skill level 1 in Throwing
  1094 | D:2      | Reached skill level 1 in Armour
  1094 | D:2      | Reached skill level 1 in Shields
  1094 | D:2      | Reached skill level 1 in Unarmed Combat
  1094 | D:2      | Reached skill level 1 in Hexes
  1094 | D:2      | Reached skill level 1 in Charms
  1094 | D:2      | Reached skill level 1 in Summonings
  1094 | D:2      | Reached skill level 1 in Necromancy
  1094 | D:2      | Reached skill level 1 in Translocations
  1094 | D:2      | Reached skill level 1 in Transmutations
  1094 | D:2      | Reached skill level 1 in Ice Magic
  1094 | D:2      | Reached skill level 1 in Air Magic
  1094 | D:2      | Reached skill level 1 in Earth Magic
  1094 | D:2      | Reached skill level 1 in Poison Magic
  1094 | D:2      | Reached skill level 1 in Invocations
  1094 | D:2      | Reached skill level 1 in Evocations
  1094 | D:2      | Reached XP level 4. HP: 24/32 MP: 0/11
  1094 | D:2      | Reached XP level 5. HP: 28/37 MP: 0/12
  1345 | D:2      | Noticed Terence
  1378 | D:1      | Mangled by Terence

Skill      XL: |  1  2  3 |
---------------+----------+-----
Conjurations   | 2 |  2.4
Spellcasting   | 5 |  5.2
Fighting       | 1 |  1.5
Short Blades   | 1 |  1.5
Long Blades    | 1 |  1.5
Axes           | 1 |  1.5
Maces & Flails | 1 |  1.5
Polearms       | 1 |  1.5
Staves         | 1 |  1.5
Slings         | 1 |  1.5
Bows           | 1 |  1.5
Crossbows      | 1 |  1.5
Throwing       | 1 |  1.5
Armour         | 1 |  1.5
Shields        | 1 |  1.5
Unarmed Combat | 1 |  1.5
Hexes          | 1 |  1.2
Charms         | 1 |  1.2
Summonings     | 1 |  1.2
Necromancy     | 1 |  1.2
Translocations | 1 |  1.2
Transmutations | 1 |  1.2
Ice Magic      | 1 |  1.2
Air Magic      | 1 |  1.2
Earth Magic    | 1 |  1.2
Poison Magic   | 1 |  1.2
Invocations    | 1 |  1.7
Evocations     | 1 |  1.5
Dodging        | |  4.8
Stealth        | |  4.4
Fire Magic     | |  5.5

Action                   |  1- 3 |  4- 6 || total
-------------------------+-------+-------++-------
Melee: Dagger            |     8 |     3 ||    11
       Bite              |     4 |     1 ||     5
 Cast: Flame Tongue      |    18 |     1 ||    19
       Throw Flame       |    15 |       ||    15
  Use: Scroll            |       |     2 ||     2
       Potion            |       |     1 ||     1
 Stab: Sleeping          |     2 |       ||     2
Armor: Robe              |     2 |     6 ||     8
Dodge: Dodged            |    12 |    16 ||    28
